AoeStats
← Smiley

Nomad

510356855Analyzed
2v2 RM · 2d ago on Sep 30, 2026· 26m 13s· 4 players
Game mode
Random Map
Map size
176×176
Population
200
Speed
Normal
Resources
Standard
Victory
Conquest
Starting age
Dark Age
Ending age
Imperial Age
RankedLock teamsTeams togetherTeam positionsShared explorationLock speedFull tech treeHidden civsTurbo modeCheats
Victory
Defeat
🇳🇴 Khmer · Norway
1153
+12
🇪🇨 Saxons · Ecuador
1127
+13
🇦🇷 Spanish · Argentina
1088
-14
🇷🇸 Berbers · Serbia
1036
-11
PIGGI A MAND!!!
4:30 Loom
14:06 Feudal Age
14:38 Double-Bit Axe
18:47 Bloodlines
24:50 Castle Age
26:01 Gold Mining
| CZK | CONANJD
5:07 Loom
decarolinadelnorte
9:05 Loom
12:51 Feudal Age
13:52 Fishing Lines
17:33 Castle Age
15:40 Stone Mining
17:42 Wheelbarrow
Smiley
6:27 Loom
14:28 Feudal Age
15:05 Double-Bit Axe
18:22 Wheelbarrow
22:04 Castle Age
25:39 Horse Collar
26:20 Gold Mining
Connection lost

Rejoining the realm…

Still unreachable

The connection could not be restored.

Session expired

The server has moved on; the page needs a fresh start.